Map: Ulrena

Players

olabaz

  • Race: Protoss Protoss

LilDicky - Winner!

  • Race: Terran Terran
  • League: Platinum

VOD

http://www.twitch.tv/tumescentpie

Description

Time

  • Played on: Nov. 20, 2015, 9:42 p.m.
  • Length: 5:07
Show
View Real Time Build Order
Export as new Build Order

olabaz Protoss 

Build Orders: Oracle Opening 

Get SALT Encoding   

  12  0:01  Probe (Chrono Boost)  
  13  0:11  Probe (Chrono Boost)  
  14  0:17  Pylon  
  14  0:22  Probe (Chrono Boost)  
  15  0:36  Probe (Chrono Boost)  
  15  0:40  Gateway  
  16  0:44  Assimilator  
  16  0:48  Probe (Chrono Boost)  
  17  0:52  Assimilator  
  17  0:59  Probe (Chrono Boost)  
  18  1:09  Probe (Chrono Boost)  
  19  1:20  Probe (Chrono Boost)  
  20  1:30  Probe (Chrono Boost)  
  20  1:40  Cybernetics Core  
  20  1:41  Probe (Chrono Boost)  
  21  1:51  Probe (Chrono Boost), Pylon  
  22  2:07  Probe (Chrono Boost)  
  23  2:14  Nexus  
  23  2:20  Stalker  
  25  2:24  Warp Gate  
  25  2:27  Probe (Chrono Boost)  
  26  2:38  Probe (Chrono Boost)  
  27  2:45  Pylon  
  27  2:49  Stargate  
  27  2:54  Probe (Chrono Boost)  
  28  3:09  Probe (Chrono Boost)  
  29  3:21  Probe (Chrono Boost)  
  29  3:26  Stalker  
  32  3:29  Probe (Chrono Boost)  
  32  3:32  Probe (Chrono Boost)  
  32  3:33  Gateway  
  34  3:34  Oracle  
  37  3:47  Probe x2 (Chrono Boost)  
  38  3:52  Assimilator  
  38  3:55  Assimilator  
  33  4:25  Adept  
  33  4:29  Oracle  
  33  4:30  Probe (Chrono Boost)  
  33  4:31  Probe (Chrono Boost)  
Show
View Real Time Build Order
Export as new Build Order

LilDicky Terran - Winner!

Build Orders:  

Get SALT Encoding   

  12  0:01  SCV  
  13  0:13  SCV  
  14  0:25  Supply Depot, SCV  
  15  0:39  Refinery  
  15  0:47  SCV  
  16  0:50  Barracks  
  16  0:59  SCV  
  18  1:11  SCV  
  18  1:30  SCV  
  19  1:45  Supply Depot, Orbital Command  
  19  1:46  Marine  
  20  1:52  Factory  
  20  2:03  Marine  
  21  2:12  Barracks  
  21  2:14  Barracks  
  21  2:15  SCV  
  22  2:18  Refinery  
  22  2:23  Marine  
  22  2:27  SCV  
  24  2:39  SCV  
  25  2:44  Marine  
  26  2:51  SCV  
  26  2:53  Supply Depot  
  27  3:02  Widow Mine  
  27  3:04  Barracks Tech Lab x2  
  28  3:09  SCV  
  28  3:12  Supply Depot  
  29  3:17  Barracks Reactor  
  29  3:21  SCV  
  29  3:23  Combat Shields  
  29  3:25  Marine  
  29  3:26  Marine  
  32  3:33  SCV, Widow Mine  
  35  3:43  Marine  
  35  3:44  Marine  
  35  3:47  SCV  
  38  3:54  Starport  
  38  3:57  Marine  
  38  3:58  Marine  
  38  4:00  SCV  
  38  4:01  Marine  
  42  4:05  Supply Depot  
  42  4:08  Widow Mine  
  42  4:24  Marine x2  
  42  4:25  Marauder  
  48  4:31  Supply Depot  
  48  4:33  Medivac  
Tags
 
Add a new tag
Caveats
  • Supply blocks, unpowered buildings, or Contaminate may cause inaccurate times.
  • Supply counts are checked every 10 seconds.